 Dungeon Crawl Stone Soup version 0.27-a0-797-g27d10ad80f (webtiles) character file.

Game seed: 4320804676173424910

331 HoaS the Magician (level 6, -3/40 HPs)
             Began as a Djinni Ice Elementalist on Mar 27, 2021.
             Killed from afar by an orc wizard (4 damage)
             ... with a magic dart
             ... on level 4 of the Dungeon.
             The game lasted 00:18:45 (4931 turns).

HoaS the Magician (Djinni Ice Elementalist)         Turns: 4931, Time: 00:18:46

Health: -3/40      AC:  6    Str:  7    XL:     6   Next: 52%
Gold:   135        EV: 13    Int: 19    God:
                   SH:  0    Dex: 13

rFire    + + .     SeeInvis .   f - +0 short sword
rCold    x . .     Faith    .   (no shield)
rNeg     . . .     Spirit   .   a - +0 robe
rPois    ∞         Reflect  .   (no helmet)
rElec    .         Harm     .   (no cloak)
rCorr    .         Rampage  .   (no gloves)
Will     +....                  (boots unavailable)
Stlth    ++........             (no amulet)
HPRegen  0.13/turn              b - ring of willpower
MPRegen  0.00/turn              h - +4 ring of protection

@: about to teleport, flying
A: fire resistance 2, cold vulnerability 1, float, innate caster, hp casting,
extra vitality 1
a: no special abilities


You were on level 4 of the Dungeon.
You visited 1 branch of the dungeon, and saw 4 of its levels.

You collected 135 gold pieces.

Inventory:

Hand Weapons
 f - a +0 short sword (weapon)
Armour
 a - a +0 robe (worn)
Jewellery
 b - a ring of willpower (left hand)
 h - a +4 ring of protection (right hand)
Wands
 c - a wand of mindburst (7)
 k - a wand of flame (15)
Scrolls
 l - a scroll of teleportation
 n - a scroll of blinking
Potions
 d - 3 potions of curing
 e - a potion of heal wounds {unknown}
 g - a potion of attraction {unknown}
 i - a potion of haste {unknown}
 j - a potion of flight {unknown}
 m - a potion of magic {unknown}


   Skills:
 + Level 4.5 Dodging
 - Level 1.5 Stealth
 * Level 5.7 Spellcasting


You couldn't memorise any spells.
You knew the following spells:

 Your Spells              Type           Power      Damage    Failure   Level
a - Freeze                Ice            100%       1d11      1%          1
b - Frozen Ramparts       Ice            54%        1d7       3%          3
c - Ozocubu's Armour      Ice            27%        N/A       3%          3
d - Hailstorm             Conj/Ice       27%        3d7       11%         4
e - Summon Ice Beast      Ice/Summ       27%        N/A       11%         4
f - Pain                  Necr           100%       1d9       1%          1
g - Passwall              Tmut/Erth      22%        N/A       1%          2
Your spell library was empty.

Dungeon Overview and Level Annotations

Branches:
Dungeon (4/15)
 Temple: D:4-7

Altars:
Elyvilon
Hepliaklqana
Sif Muna
Trog


Innate Abilities, Weirdness & Mutations

You are immune to poison.
Your flesh is very heat resistant. (rF++)
You are vulnerable to cold. (rC-)
You float through the air rather than walking.
You learn spells naturally, not from books.
Your magical power is your life essence.
You have superior vitality. (+4 HP)


Message History

The orc wizard gestures at itself while chanting.
The orc wizard flickers and vanishes!
Deactivating autopickup; reactivate with Ctrl-A.
Casting: Freeze (safe; 1% risk of failure)
Confirm with . or Enter, or press ? or * to list all spells.
You can't see any susceptible monsters within range! (Use Z to cast anyway.) Unknown command.
Casting: Freeze (safe; 1% risk of failure)
Confirm with . or Enter, or press ? or * to list all spells.
You can't see any susceptible monsters within range! (Use Z to cast anyway.)
Casting: Freeze (safe; 1% risk of failure)
Confirm with . or Enter, or press ? or * to list all spells.
Aiming: Freeze (safe; 1% risk of failure)
Press: ? - help, Shift-Dir - straight line You freeze something!
An iguana comes into view.
Something hits you.
Casting: Freeze (safe; 1% risk of failure)
Confirm with . or Enter, or press ? or * to list all spells.
Aiming: Freeze (safe; 1% risk of failure)
Press: ? - help, Shift-Dir - straight line You freeze something.
The iguana hisses angrily.
Something hits you.
* * * LOW HITPOINT WARNING * * *
You miss something. Something hits you but does no damage.
You miss something. Something hits you.
* * * LOW HITPOINT WARNING * * *
You barely miss something. Something hits you but does no damage.
You barely miss something. Something hits you.
* * * LOW HITPOINT WARNING * * *
As you read the scroll of teleportation, it crumbles to dust.
You feel strangely unstable.
You hear some strange, mumbled words.
A magic dart appears from out of thin air!
The magic dart hits you!
* * * LOW HITPOINT WARNING * * *
A magic dart appears from out of thin air!
The magic dart hits you.
You die...

♣♣♣♣♣♣
♣.)..♣♣♣
♣..♣♣♣o.♣♣♣
....
♣♣♣..♣♣♣
♣.o ♣♣♣..♣♣
♣..o♣♣♣
♣♣♣l♣♣
♣♣.o...♣♣
♣♣{♣ ♣ ♣.♣♣
♣♣)♣♣.♣.♣
♣♣.♣
♣..@...♣
♣♣.♣
♣♣♣....[♣
♣♣).♣
♣..$..♣
♣.♣♣♣
♣♣$..♣♣
♣♣♣.♣♣ ♣♣♣♣
♣♣...Z♣♣♣
♣..♣♣...♣
♣♣.♣♣♣♣.♣
♣♣.♣♣
♣♣...♣


You could see an iguana.

Vanquished Creatures
  Sigmund (D:2)
  Jessica (D:2)
  A hound skeleton (D:4)
  3 gnolls
  An adder (D:2)
  2 dart slugs (D:2)
  3 orcs (D:4)
  9 ball pythons
  10 bats
  15 endoplasms
  2 giant cockroaches
  9 goblins
  7 hobgoblins
  5 jackals
  5 quokkas
  3 frilled lizards
  5 kobolds
  11 rats
93 creatures vanquished.

Notes
Turn   | Place    | Note
-------+----------+-------------------------------------------
     0 | D:1      | HoaS the Djinni Ice Elementalist began the quest for the
                  | Orb.
     0 | D:1      | Reached XP level 1. HP: 15/15 MP: 0/0
   418 | D:1      | Reached XP level 2. HP: 19/21 MP: 0/0
   861 | D:1      | Reached skill level 4 in Spellcasting
  1199 | D:1      | Reached XP level 3. HP: 23/25 MP: 0/0
  1199 | D:1      | Learned a level 1 spell: Pain
  2549 | D:2      | Reached XP level 4. HP: 23/31 MP: 0/0
  2656 | D:2      | Noticed Jessica
  2659 | D:2      | Killed Jessica
  3050 | D:2      | Found a white marble altar of Elyvilon.
  3175 | D:2      | Noticed Sigmund
  3187 | D:2      | Reached XP level 5. HP: 33/35 MP: 0/0
  3187 | D:2      | Learned a level 2 spell: Passwall
  3203 | D:2      | Killed Sigmund
  3204 | D:2      | Reached skill level 5 in Spellcasting
  3204 | D:2      | Reached XP level 6. HP: 28/40 MP: 0/0
  3858 | D:3      | Found a bloodstained altar of Trog.
  4037 | D:3      | Found a faded altar of an unknown god.
  4449 | D:3      | Found a faded altar of an unknown god.
  4449 | D:3      | Found a hazy altar of Hepliaklqana.
  4451 | D:3      | Found a faded altar of an unknown god.
  4930 | D:4      | HP: 1/40 [something/magic dart (7)]
  4931 | D:4      | Killed from afar by an orc wizard

Illustrated notes

Levels and vault maps discovered:
D:1:      amcnicky_arrival_blooded_trapdoor, layout_loops_corners,
          kennysheep_decorative_pillar, st_stairs_8, minmay_misc_feat_pillars,
          hangedman_decor_push, wad_floor_pattern_untrapped,
          hangedman_decor_growths
D:2:      layout_basic, overflow_temple_1_default, minmay_between, uniq_jessica,
          uniq_sigmund
D:3:      minmay_angry_zag, layout_loops_cross, nicolae_sif_muna_condensation,
          nicolae_hepliaklqana_ecumenical_no_more, lemuel_doored_altar,
          chequers_ecumenical_altar_simple, minmay_box_of_dots
D:4:      kb_forest_paths, layout_basic, portal_sewer_entry_f,
          minmay_manual_mail

Skill      XL: |  1  2  3  4  5 |
---------------+----------------+-----
Spellcasting   | 4 5 |  5.7
Dodging        | 3 4 |  4.5
Stealth        | |  1.5

Action                   |  1- 3 |  4- 6 || total
-------------------------+-------+-------++-------
Melee: Dagger            |    32 |     4 ||    36
       Short sword       |       |    42 ||    42
 Cast: Freeze            |    54 |    78 ||   132
       Pain              |     1 |     5 ||     6
       Ozocubu's Armour  |       |     2 ||     2
       Frozen Ramparts   |       |     1 ||     1
  Use: Scroll            |     1 |     6 ||     7
 Stab: Sleeping          |     4 |     4 ||     8
Armor: Robe              |     8 |    34 ||    42
Dodge: Dodged            |    42 |    68 ||   110

Table legend: (Time is in decaauts)
 A = Elapsed time spent in this place.
 B = Non-inter-level travel time spent in this place.
 C = Inter-level travel time spent in this place.
 D = Time resting spent in this place.
 E = Time spent auto-exploring this place.
 F = Levels seen in this place.
 G = Mean time per level.
                   A        B        C        D        E       F      G
               +--------+--------+--------+--------+--------+-----+--------+
         Total |   4933 |   4764 |    169 |   2026 |   1982 |   4 | 1233.2 |
       Dungeon |   4933 |   4764 |    169 |   2026 |   1982 |   4 | 1233.2 |
               +--------+--------+--------+--------+--------+-----+--------+

Top non-repeatable levels by time:
     D:1: 2358 daAuts
     D:2: 1332 daAuts
     D:3: 1009 daAuts
     D:4: 233 daAuts
